 Dungeon Crawl Stone Soup version 0.29.1-12-g30fa7ad0bf (webtiles) character file.

Game seed: 1428934070659052492

19695 wormed the Basher (level 12, -2/82 HPs)
             Began as a Gargoyle Fighter on Dec 21, 2022.
             Was a Priest of the Shining One.
             Slain by a tyrant leech (13 damage)
             ... on level 3 of the Lair of Beasts.
             The game lasted 00:39:52 (18166 turns).

wormed the Basher (Gargoyle Fighter)               Turns: 18166, Time: 00:39:54

Health: -2/82      AC: 39    Str: 24    XL:     12   Next: 71%
Magic:  0/12       EV:  9    Int:  8    God:    the Shining One [***...]
Gold:   608        SH:  8    Dex:  9    Spells: 11/11 levels left

rFire   . . .      SeeInvis .   M - +1 whip (elec)
rCold   + . .      Faith    .   c - +0 buckler
rNeg    + + .      Spirit   +   a - +0 plate armour
rPois   ∞          Reflect  .   j - +0 helmet
rElec   +          Harm     .   m - +2 cloak
rCorr   .          Rampage  .   k - +0 pair of gloves
Will    .....                   t - +1 pair of boots
Stlth   ..........              Q - amulet of guardian spirit
HPRegen 0.23/turn               I - +4 ring of protection
MPRegen 0.13/turn               x - ring of the Octopus King {rC+ HP+2 AC+2 EV+2 SH+2}

@: about to teleport, glowing
A: sickness immunity, AC +8, negative energy resistance 1, electricity
resistance, torment resistance 1, petrification resistance, talons 1, screaming
1, weak 1, no potion heal 1
a: Renounce Religion, Divine Shield, Cleansing Flame


You were on level 3 of the Lair of Beasts.
You worshipped the Shining One.
The Shining One was most pleased with you.
You visited 3 branches of the dungeon, and saw 16 of its levels.
You also visited: Sewer and Ossuary.

You collected 818 gold pieces.
You donated 210 gold pieces to Zin.

Inventory:

Hand Weapons
 v - a +5 flail
 M - a +1 whip of electrocution (weapon)
Missiles
 s - 2 throwing nets
Armour
 a - a +0 plate armour (worn)
 c - a +0 buckler (worn)
 j - a +0 helmet (worn)
 k - a +0 pair of gloves (worn)
 m - a +2 cloak (worn)
 t - a +1 pair of boots (worn)
 N - a +0 tower shield
Jewellery
 e - a ring of protection from fire
 x - a ring of the Octopus King (right hand) {rC+ HP+2 AC+2 EV+2 SH+2}
   (You found it on level 4 of the Dungeon)

   [ring of protection from cold]

   AC:        It affects your AC (+2).
   EV:        It affects your evasion (+2).
   rC:        It protects you from cold.
   HP:        It affects your health (+2).
   SH:        It affects your SH (+2).
 I - a +4 ring of protection (left hand)
 K - a ring of ice
 Q - an amulet of guardian spirit (around neck)
Wands
 q - a wand of roots (18)
 u - a wand of flame (30) (quivered)
 J - a wand of charming (13)
 P - a wand of quicksilver (4)
Scrolls
 g - 6 scrolls of poison
 h - 8 scrolls of magic mapping
 i - 8 scrolls of teleportation
 p - 4 scrolls of amnesia {unknown}
 w - 3 scrolls of enchant armour {unknown}
 y - a scroll of blinking {unknown}
 B - 3 scrolls of vulnerability {unknown}
 C - 5 scrolls of fear {unknown}
 D - a scroll of brand weapon {unknown}
 E - 2 scrolls of enchant weapon {unknown}
 G - 3 scrolls of summoning
 H - a scroll of silence {unknown}
 L - 2 scrolls of torment {unknown}
Potions
 d - 3 potions of might
 f - 2 potions of magic
 n - 5 potions of lignification
 o - a potion of berserk rage
 r - 5 potions of haste
 z - 3 potions of attraction
 A - 7 potions of curing
 F - a potion of brilliance


   Skills:
 + Level 11.4 Fighting
 - Level 12.0 Maces & Flails
 + Level 11.4 Armour
 + Level 11.4 Shields


You had 11 spell levels left.
You didn't know any spells.
Your spell library contained the following spells:

 Spells                   Type           Power      Damage    Failure   Level
 Foxfire                  Conj/Fire      0%         2x1d4     99%         1
 Summon Small Mammal      Summ           0%         N/A       99%         1
 Blink                    Tloc           0%         N/A       100%        2
 Scorch                   Fire           0%         2d5       100%        2
 Static Discharge         Conj/Air       0%         3-3/arc   100%        2
 Call Canine Familiar     Summ           0%         N/A       100%        3
 Conjure Flame            Conj/Fire      0%         6-21      100%        3
 Gell's Gravitas          Tloc           0%         N/A       100%        3
 Ignite Poison            Fire/Tmut/Pois 0%         N/A       100%        3
 Inner Flame              Hex/Fire       0%         N/A       100%        3
 Portal Projectile        Hex/Tloc       0%         N/A       100%        3
 Teleport Other           Tloc           0%         N/A       100%        3
 Airstrike                Air            0%         2d(0-16)  100%        4
 Dispel Undead            Necr           0%         3d6       100%        4
 Flame Wave               Conj/Fire      0%         2d4       100%        4
 Leda's Liquefaction      Hex/Erth       0%         N/A       100%        4
 Sticky Flame             Conj/Fire      0%         2d3       100%        4
 Summon Lightning Spire   Summ/Air       0%         N/A       100%        4
 Lightning Bolt           Conj/Air       0%         1d11      100%        5
 Manifold Assault         Tloc           0%         N/A       100%        5
 Dispersal                Tloc           0%         N/A       100%        6
 Summon Cactus Giant      Summ           0%         N/A       100%        6
 Storm Form               Tmut/Air       0%         N/A       100%        7


Dungeon Overview and Level Annotations

Branches:
Dungeon (12/15)            Temple (1/1) D:6            Lair (3/5) D:11
  Swamp (0/4) Lair:2          Orc (0/2) D:10          Sewer (visited)
Ossuary (visited)
  Snake: Lair:2-3    Spider: Lair:2-3

Altars:
Ashenzari
Cheibriados
Dithmenos
Elyvilon
Fedhas
Gozag
Hepliaklqana
Kikubaaqudgha
Makhleb
Nemelex Xobeh
Okawaru
Qazlal
Ru
Sif Muna
Trog
Uskayaw
Vehumet
Wu Jian
Xom
Yredelemnul
Zin
The Shining One

Shops:
D:3 *   D:7 :*!=   D:9 =

Annotations:
D:8 1 runed translucent door
D:11 exclusion: 2 oklob plants


Innate Abilities, Weirdness & Mutations

You are immune to sickness and miasma.
Your stone body is resilient. (AC +8)
You are immune to poison.
You resist negative energy. (rN+)
You are resistant to electric shocks. (rElec)
You are resistant to unholy torment.
You are immune to petrification.
You have sharp toenails.
You occasionally shout uncontrollably at your foes.
You are weak. (Str -2)
Potions are less effective at restoring your health.


Message History

The four-headed hydra barely misses you.
The bullfrog hits you but does no damage.
The swamp worm bites you but does no damage.
You block the tyrant leech's attack.
The four-headed hydra barely misses you.
The four-headed hydra bites you but does no damage. x2
The four-headed hydra bites you.
* * * LOW HITPOINT WARNING * * *
Your system partially rejects the healing.
You feel much better. You block the bullfrog's attack.
The swamp worm bites you.
* * * LOW HITPOINT WARNING * * *
You block the bullfrog's attack.
The four-headed hydra barely misses you.
The four-headed hydra bites you but does no damage. x2
The four-headed hydra bites you!
* * * LOW HITPOINT WARNING * * *
The tyrant leech bites you but does no damage.
The swamp worm bites you but does no damage.
As you read the scroll of teleportation, it crumbles to dust.
You feel strangely unstable. The bullfrog closely misses you.
The swamp worm closely misses you. You block the swamp worm's attack.
The four-headed hydra bites you but does no damage. x3
The four-headed hydra barely misses you.
The swamp worm attacks as you move away!
The swamp worm bites you but does no damage.
The bullfrog hits you but does no damage.
The swamp worm bites you but does no damage.
The bullfrog barely misses you. The tyrant leech bites you!
* * * LOW HITPOINT WARNING * * *
The swamp worm bites you but does no damage.
You block the bullfrog's attack. You block the tyrant leech's attack.
Your system partially rejects the healing.
You feel much better. The swamp worm completely misses you.
The bullfrog misses you. The swamp worm barely misses you.
A swamp drake comes into view.
The swamp worm bites you!
* * * LOW HITPOINT WARNING * * *
The tyrant leech bites you!
You die...

#≈~≈ ≈≈ ≈!!~# ≈#≈≈
....... P.~≈≈#
≈≈##........
~≈#≈#≈###≈≈#........
.#≈≈≈≈≈≈≈≈≈#........
≈≈≈≈≈≈≈D#≈≈#......##
#≈≈≈≈≈ww#≈#.......#
≈.≈.#w@.≈≈......##
~k.~≈..FP...>......#
.≈...#≈D≈#≈≈<.....#
≈≈≈~P≈≈≈≈≈≈≈...#...#
≈≈≈≈≈#≈≈≈#≈≈.P## .#
~≈≈≈≈≈≈≈≈≈≈≈..#
≈≈≈≈≈≈≈#≈≈≈#.##
≈#≈#≈≈≈≈#≈≈.#
≈≈≈≈≈≈≈≈≈≈.#


You could see a four-headed hydra, a swamp dragon, a tyrant leech, 2 swamp
worms, a swamp drake (wandering) and a bullfrog.

Vanquished Creatures
  Snorg (D:11)
  A centaur warrior (D:12)
  2 two-headed ogres (D:11)
  Sonja (Lair:1)
  A will-o-the-wisp (Lair:2)
  A manticore (D:7)
  3 elephants (Lair:2)
  An unseen horror (D:11)
  4 cane toads
  A rime drake (Lair:1)
  2 komodo dragons
  A troll (D:11)
  A shadow (D:11)
  A wraith (D:9)
  2 basilisks (Lair:2)
  A wyvern (Lair:1)
  A steam dragon (D:8)
  36 yaks
  Menkaure (D:7)
  An acid dragon (D:9)
  5 water moccasins
  An ice beast (D:6)
  3 orc warriors
  4 black bears
  5 centaurs
  3 wolves (Lair:2)
  4 sky beasts
  3 ogres
  2 phantoms
  4 kobold brigands
  7 bullfrogs
  2 necrophages (D:6)
  6 scorpions
  10 wights
  7 killer bees
  5 howler monkeys (D:8)
  An electric eel (D:7)
  Crazy Yiuf (D:4)
  2 human zombies (Ossuary)
  3 hounds (D:5)
  6 orc priests
  3 gnoll boudas
  A centaur zombie (Ossuary)
  5 iguanas
  Natasha (twice) (D:2)
  11 orc wizards
  5 mummies (Ossuary)
  Robin (D:2)
  19 gnolls
  8 adders
  3 shadow imps
  3 worms (D:2)
  A dart slug (D:2)
  26 orcs
  11 bats
  10 endoplasms
  7 giant cockroaches
  2 gnoll zombies
  17 goblins
  16 hobgoblins
  4 jackals
  29 kobolds
  3 quokkas
  9 ball pythons
  2 hobgoblin zombies (Ossuary)
  2 kobold zombies (Ossuary)
  An orc zombie (D:5)
  9 rats
  A rat zombie (D:5)
358 creatures vanquished.

Vanquished Creatures (others)
  2 foxfires (Lair:2)
  3 fungi
  8 plants
13 creatures vanquished.

Grand Total: 371 creatures vanquished

Notes
Turn   | Place    | Note
-------+----------+-------------------------------------------
     0 | D:1      | wormed the Gargoyle Fighter began the quest for the Orb.
     0 | D:1      | Reached XP level 1. HP: 14/14 MP: 1/1
   388 | D:1      | Reached XP level 2. HP: 14/19 MP: 2/2
   958 | D:1      | Reached XP level 3. HP: 15/23 MP: 3/3
  1769 | D:2      | Noticed Natasha
  1774 | D:2      | Reached skill level 3 in Maces & Flails
  1776 | D:2      | Noticed Robin
  2107 | D:2      | Reached XP level 4. HP: 21/29 MP: 4/4
  2393 | D:2      | Killed Robin
  2953 | D:2      | Killed Natasha
  2954 | D:2      | Reached XP level 5. HP: 5/33 MP: 5/5
  3255 | D:2      | Noticed Natasha
  3266 | D:2      | Killed Natasha
  3444 | D:2      | Gained mutation: You occasionally shout uncontrollably at
                  | your foes. [potion of mutation]
  3444 | D:2      | Gained mutation: You are weak. (Str -2) [potion of
                  | mutation]
  3444 | D:2      | Gained mutation: Potions are less effective at restoring
                  | your health. [potion of mutation]
  3444 | D:2      | Gained mutation: You have sharp toenails. [potion of
                  | mutation]
  3446 | D:3      | Noticed a phantom
  3493 | D:3      | Killed a phantom
  3494 | D:3      | Reached skill level 4 in Maces & Flails
  3494 | D:3      | Reached XP level 6. HP: 18/39 MP: 6/6
  3883 | D:3      | Found Tys Vaim's General Store.
  3950 | D:3      | Found a glowing drain.
  3966 | Sewer    | Entered a sewer
  4003 | Sewer    | Noticed a water moccasin
  4015 | Sewer    | Killed a water moccasin
  4772 | D:4      | Reached XP level 7. HP: 31/44 MP: 7/7
  5112 | D:4      | Found the ring of the Octopus King
  5132 | D:4      | Reached skill level 5 in Maces & Flails
  5150 | D:4      | Identified a ring of the Octopus King {rC+ HP+2 AC+2 EV+2
                  | SH+2}
  5524 | D:4      | Found a runed translucent door.
  5525 | D:4      | Noticed Crazy Yiuf
  5570 | D:4      | Reached skill level 5 in Armour
  5570 | D:4      | Reached skill level 5 in Shields
  5579 | D:4      | Reached skill level 5 in Fighting
  5926 | D:4      | Found a radiant altar of Vehumet.
  5988 | D:4      | Found an ancient bone altar of Kikubaaqudgha.
  6055 | D:4      | Found a shimmering blue altar of Sif Muna.
  6144 | D:4      | Got Sif Muna's Secrets of the Entourage
  6343 | D:4      | Killed Crazy Yiuf
  6344 | D:4      | Reached XP level 8. HP: 44/49 MP: 8/8
  6436 | D:5      | Entered Level 5 of the Dungeon
  6454 | D:5      | Found a sand-covered staircase.
  6478 | Ossuary  | Entered an ossuary
  6523 | Ossuary  | Reached skill level 6 in Maces & Flails
  7302 | D:5      | Noticed a yak
  7302 | D:5      | Noticed a yak
  7305 | D:5      | Noticed a yak
  7314 | D:5      | Killed a yak
  7328 | D:5      | Killed a yak
  7328 | D:5      | Noticed a yak
  7329 | D:5      | Reached skill level 7 in Maces & Flails
  7335 | D:5      | Killed a yak
  7335 | D:5      | Noticed a yak
  7336 | D:5      | Reached XP level 9. HP: 22/56 MP: 9/9
  7861 | D:5      | Found a burning altar of Makhleb.
  7875 | D:5      | Found a glowing silver altar of Zin.
  7875 | D:5      | Noticed an angel
  7876 | D:5      | Noticed an Executioner
  8006 | D:6      | Found a sacrificial altar of Ru.
  8073 | D:6      | Reached skill level 8 in Maces & Flails
  8165 | D:6      | Found a staircase to the Ecumenical Temple.
  8211 | Temple   | Entered the Ecumenical Temple
  8864 | D:5      | Became a worshipper of Zin the Law-Giver
  8864 | D:5      | Reached * piety under Zin
  8867 | D:5      | Donated 165 gold pieces to Zin
  8871 | D:5      | Reached ** piety under Zin
  8940 | D:7      | Found Zoonyos's General Store.
  9035 | D:7      | Found Ivyiciy's Book Shop.
  9250 | D:7      | Reached XP level 10. HP: 63/63 MP: 10/10
  9312 | D:7      | Reached skill level 9 in Maces & Flails
  9386 | D:7      | Found Usaoh's Jewellery Shoppe.
  9410 | D:7      | Noticed Menkaure
  9424 | D:7      | Killed Menkaure
  9962 | D:7      | Found Wegopt's Distillery.
  9991 | D:7      | Noticed a manticore
 10010 | D:7      | Killed a manticore
 10421 | D:8      | Found a sparkling altar of Nemelex Xobeh.
 10503 | D:8      | Noticed a lindwurm
 10506 | D:8      | Noticed a lindwurm
 10553 | D:8      | Noticed a lindwurm
 10580 | D:8      | Noticed a lindwurm
 10793 | D:8      | Reached skill level 10 in Maces & Flails
 11183 | D:8      | Found an iron altar of Okawaru.
 11243 | D:8      | Identified the +7 rapier of Parts Unknown {antimagic, Will+
                  | SInv}
 11243 | D:8      | Noticed a cyclops
 11244 | D:8      | Found a runed translucent door.
 11246 | D:8      | Noticed a red ugly thing
 11246 | D:8      | Noticed a white ugly thing
 11246 | D:8      | Noticed a tengu warrior
 11246 | D:8      | Noticed a centaur warrior
 11246 | D:8      | Noticed a centaur warrior
 11561 | D:8      | Found a bloodstained altar of Trog.
 11624 | D:8      | Found an ornate altar of the Wu Jian Council.
 11625 | D:8      | Found a hide-covered altar of Uskayaw.
 11625 | D:8      | Found a broken altar of Ashenzari.
 11626 | D:8      | Found a shimmering altar of Xom.
 11627 | D:8      | Found a hazy altar of Hepliaklqana.
 11627 | D:8      | Found a white marble altar of Elyvilon.
 11628 | D:8      | Found a snail-covered altar of Cheibriados.
 11629 | D:8      | Found a stormy altar of Qazlal.
 11629 | D:8      | Found a shadowy altar of Dithmenos.
 11630 | D:8      | Found an opulent altar of Gozag.
 11830 | D:9      | Found a glowing golden altar of the Shining One.
 11832 | D:9      | Noticed an angel
 11839 | D:9      | Fell from the grace of Zin
 11839 | D:9      | Became a worshipper of the Shining One
 11839 | D:9      | Reached * piety under the Shining One
 11862 | D:9      | Found a basalt altar of Yredelemnul.
 11864 | D:9      | Noticed a profane servitor
 11891 | D:9      | Found a blossoming altar of Fedhas.
 12041 | D:9      | Reached ** piety under the Shining One
 12153 | D:9      | Reached XP level 11. HP: 69/69 MP: 11/11
 12772 | D:9      | Found Urghaolao's Jewellery Emporium.
 12799 | D:10     | Entered Level 10 of the Dungeon
 13397 | D:10     | Found a staircase to the Orcish Mines.
 13477 | D:10     | Reached skill level 11 in Maces & Flails
 14191 | D:11     | Found a staircase to the Lair.
 14191 | D:11     | Noticed an oklob plant
 14191 | D:11     | Noticed an oklob plant
 14260 | D:11     | Noticed a two-headed ogre
 14270 | D:11     | Noticed Snorg
 14277 | D:11     | Killed a two-headed ogre
 14284 | D:11     | Killed Snorg
 14435 | D:11     | Noticed a two-headed ogre
 15172 | D:11     | Killed a two-headed ogre
 15173 | D:11     | Reached skill level 12 in Maces & Flails
 15725 | D:12     | Noticed a centaur warrior
 15818 | D:12     | Killed a centaur warrior
 15819 | D:12     | Reached skill level 10 in Fighting
 15819 | D:12     | Reached skill level 10 in Armour
 15819 | D:12     | Reached skill level 10 in Shields
 15819 | D:12     | Reached XP level 12. HP: 68/77 MP: 12/12
 16331 | Lair:1   | Entered Level 1 of the Lair of Beasts
 16899 | Lair:1   | Reached *** piety under the Shining One
 17390 | Lair:2   | Noticed Sonja
 17448 | Lair:1   | Killed Sonja
 17648 | Lair:2   | Found a staircase to the Swamp.
 18155 | Lair:3   | Noticed a four-headed hydra
 18166 | Lair:3   | Slain by a tyrant leech

Illustrated notes

Levels and vault maps discovered:
D:1:      minmay_arrival_widening_spiral_wide, layout_rooms, serial_forest,
          infiniplex_forest_clump_cross, infiniplex_forest_corner_2,
          infiniplex_forest_lined_2, infiniplex_forest_clump_medium,
          infiniplex_forest_zigzag_1
D:2:      layout_rooms, minmay_goblin_kobold_house, uniq_natasha, uniq_robin
D:3:      layout_loops_cross, serial_shops, nicolae_shop_hallway_stairs,
          portal_sewer_entry_a
D:4:      layout_loops_cross, palyth_temple_overflow_mages,
          uniq_crazy_yiuf_cottage
D:5:      layout_basic, grunt_temple_overflow_order_and_chaos_2,
          enter_ossuary_3, skrybe_limestone_x, kennysheep_donut,
          grunt_ministairs_7
D:6:      layout_rooms, nicolae_ru_awakened_eye, minmay_temple_entry_trees
D:7:      layout_loops_cross, serial_shops, nicolae_shop_behind_doors,
          nicolae_shop_waterfront, nicolae_stop_n_shop_2,
          nicolae_shop_waterfront, grunt_ogre_cave, nicolae_zen_rock_garden,
          minmay_misc_feat_secret_circle, uniq_menkaure
D:8:      minmay_gate_of_8, layout_loops_cross, nicolae_overflows_in_rows,
          nicolae_overflow_crystal_walls, trog_ov_bears_minmay,
          mainiacjoe_overflow_six_doors_small, minmay_lindwurm_lava
D:9:      layout_basic, grunt_temple_overflow_holy_war,
          mainiacjoe_overflow_paths, serial_shops, kennysheep_mini
D:10:     layout_basic, orc_0_dummy
D:11:     layout_basic, dpeg_oklobed_lair, uniq_snorg
D:12:     layout_basic, uniq_kirke
Temple:   ebering_the_none_and_only
Lair:1:   layout_chaotic_city, st_stairs_9
Lair:2:   layout_gridlike, minmay_swamp_entry_wisps,
          chequers_serial_rivers_micro_b, lemuel_fruit_fields, uniq_sonja
Lair:3:   onia_ninara_swampy_vault, layout_chaotic_city,
          nicolae_spider_entry_orb_guardian

Skill      XL: |  1  2  3  4  5  6  7  8  9 10 11 12 |
---------------+-------------------------------------+-----
Maces & Flails | 3 4 5 7 8 10 12 | 12.0
Fighting       | 4 5 6 7 8 10 11 | 11.4
Armour         | 4 5 6 7 8 10 11 | 11.4
Shields        | 4 5 6 7 8 10 11 | 11.4

Action                   |  1- 3 |  4- 6 |  7- 9 | 10-12 || total
-------------------------+-------+-------+-------+-------++-------
Melee: Flail             |   148 |   237 |   594 |   301 ||  1280
       Kick              |       |    23 |       |       ||    23
       Whip              |       |       |       |   683 ||   683
Invok: Donate Gold       |       |       |     1 |       ||     1
Evoke: Wand              |       |       |       |     1 ||     1
  Use: Scroll            |     1 |     2 |     5 |     8 ||    16
       Potion            |     1 |     1 |     5 |     3 ||    10
Armor: Scale mail        |   110 |   158 |       |       ||   268
       Chain mail        |       |    32 |   442 |   212 ||   686
       Plate armour      |       |       |       |   376 ||   376
Dodge: Dodged            |    86 |   144 |   237 |   333 ||   800
Block: Buckler           |    31 |    76 |   204 |   323 ||   634
